 Dungeon Crawl Stone Soup version 0.26-a0-1033-gd598b01645 (webtiles) character file.

Game seed: 16459196543456525469

0 Gargoyl the Skirmisher (level 1, 14/23 HPs)
             Began as a Gnoll Abyssal Knight on Dec 10, 2020.
             Was an Initiate of Lugonu.
             Quit the game on level 1 of the Dungeon.
             The game lasted 00:00:15 (76 turns).

Gargoyl the Skirmisher (Gnoll Abyssal Knight)         Turns: 76, Time: 00:00:16

Health: 14/23      AC:  3    Str: 14    XL:     1   Next: 0%
Magic:  2/3        EV: 12    Int: 14    God:    Lugonu [......]
Gold:   0          SH:  0    Dex: 14    Spells: 0/0 levels left

rFire    . . .     SeeInvis .   a - +1 hand axe
rCold    . . .     Faith    .   (no shield)
rNeg     . . .     Spirit   .   b - +0 leather armour
rPois    .         Reflect  .   (no helmet)
rElec    .         Harm     .   (no cloak)
rCorr    .         Rampage  .   (no gloves)
Will     .....                  (no boots)
Stlth    +.........             (no amulet)
HPRegen  0.07/turn              (no ring)
MPRegen  0.08/turn              (no ring)

@: no status effects
A: distributed training, fangs 1, strong nose
a: Renounce Religion


You were on level 1 of the Dungeon.
You worshipped Lugonu.
Lugonu was noncommittal.
You visited 1 branch of the dungeon, and saw 1 of its levels.
You visited the Abyss 1 time.

Inventory:

Hand Weapons
 a - a +1 hand axe (weapon)
Armour
 b - a +0 leather armour (worn)


   Skills:
 + Level 6.4 Fighting
 + Level 0.0 Short Blades
 + Level 0.0 Long Blades
 + Level 4.4 Axes
 + Level 0.0 Maces & Flails
 + Level 0.0 Polearms
 + Level 0.0 Staves
 + Level 0.0 Slings
 + Level 0.0 Bows
 + Level 0.0 Crossbows
 + Level 0.0 Throwing
 + Level 4.4 Armour
 + Level 2.3 Dodging
 + Level 0.0 Stealth
 + Level 0.0 Shields
 + Level 0.0 Unarmed Combat
 + Level 0.0 Spellcasting
 + Level 0.0 Conjurations
 + Level 0.0 Hexes
 + Level 0.0 Summonings
 + Level 0.0 Necromancy
 + Level 0.0 Translocations
 + Level 0.0 Transmutations
 + Level 0.0 Fire Magic
 + Level 0.0 Ice Magic
 + Level 0.0 Air Magic
 + Level 0.0 Earth Magic
 + Level 0.0 Poison Magic
 + Level 4.4 Invocations
 + Level 0.0 Evocations


You couldn't memorise any spells.
You didn't know any spells.
Your spell library was empty.

Dungeon Overview and Level Annotations

Branches:
Dungeon (1/15)

Altars:


Innate Abilities, Weirdness & Mutations

Your experience applies equally to all skills.
You have very sharp teeth.
Your uncanny sense of smell can sniff out nearby items.


Message History

Found a corrupted altar of Lugonu.
No target in view!
There is a corrupted altar of Lugonu here.
Found a corrupted altar of Lugonu.
Found a gateway leading out of the Abyss.
There is a corrupted altar of Lugonu here.
A vampire comes into view.
A lurking horror comes into view.
Found 16 stones.
You barely miss the lurking horror.
Your body is wracked with pain!
Found a steel ring.
You see here a steel ring.
c - a steel ring You pass through the gate.
You can no longer depart the Abyss at will.
There is a staircase leading out of the dungeon here.
c - a ring of wizardry (left hand)
You remove your ring of wizardry.
You drop an uncursed ring of wizardry.
Are you sure you want to abandon this character and quit the game? (Confirm with "yes".)

∆
######
#@...#
#....#
#.≈##.#
#..# .#
≈##. ∆.
.# ∆ ≈
.. ##
###


There were no monsters in sight!

Vanquished Creatures (others)
  A lurking horror (Abyss:1)
1 creature vanquished.

Notes
Turn   | Place    | Note
-------+----------+-------------------------------------------
     0 | Abyss:1  | Gargoyl the Gnoll Abyssal Knight began the quest for the
                  | Orb.
     0 | Abyss:1  | Reached XP level 1. HP: 23/23 MP: 3/3
     9 | Abyss:1  | Found a corrupted altar of Lugonu.
    49 | Abyss:1  | Noticed a vampire
    72 | D:1      | Escaped the Abyss
    76 | D:1      | Quit the game

Illustrated notes

Levels and vault maps discovered:
D:1:      dpeg_arrival_brainrot, layout_loops_ring, hangedman_decor_lopped,
          minmay_crystal_water, dk_noncrumbling_2, hex_tiny,
          kennysheep_nondescript, lemuel_flame_loot_1

Action                   || total
-------------------------++-------
Melee: Hand axe          ||     1
Invok: Depart the Abyss  ||     1

Table legend: (Time is in decaauts)
 A = Elapsed time spent in this place.
 B = Non-inter-level travel time spent in this place.
 C = Inter-level travel time spent in this place.
 D = Time resting spent in this place.
 E = Time spent auto-exploring this place.
 F = Levels seen in this place.
 G = Mean time per level.
                   A        B        C        D        E       F      G
               +--------+--------+--------+--------+--------+-----+--------+
         Total |     74 |     74 |      0 |      0 |     49 |   2 |   37.0 |
       Dungeon |      2 |      2 |      0 |      0 |      0 |   1 |    2.0 |
         Abyss |     72 |     72 |      0 |      0 |     49 |   1 |   72.0 |
               +--------+--------+--------+--------+--------+-----+--------+

Top non-repeatable levels by time:
 Abyss:1: 72 daAuts
     D:1: 2 daAuts
